 Dungeon Crawl Stone Soup version 0.30.1-9-gdf580d7c3d (webtiles) character file.

Game seed: 6373158533702685478

98 Chiseanne the Trooper (level 4, -3/35 HPs)
             Began as a Demonspawn Wanderer on Oct 13, 2023.
             Killed by divine providence
             ... invoked by an orc priest
              (14 damage)
             ... on level 4 of the Dungeon.
             The game lasted 00:05:15 (2094 turns).

Chiseanne the Trooper (Demonspawn Wanderer)         Turns: 2094, Time: 00:05:15

Health: -3/35      AC: 11    Str: 12    XL:     4   Next: 43%
Magic:  5/5        EV: 16    Int: 13    God:
Gold:   1173       SH:  0    Dex: 15    Spells: 4/5 levels left

rFire   . . .        a - +4 mace
rCold   . . .        (no shield)
rNeg    . . .        n - +0 ring mail
rPois   .            (helmet restricted)
rElec   .            (no cloak)
rCorr   .            (no gloves)
SInv    .            (no boots)
Will    .....        c - amulet of the acrobat
Stlth   +            m - +4 ring of protection
HPRegen 0.25/turn    (no ring)
MPRegen 0.09/turn

%: acrobat
@: agile
A: horns 1, thin metallic scales 1, powered by pain 1
a: no special abilities


You were on level 4 of the Dungeon.
You visited 1 branch of the dungeon, and saw 4 of its levels.

You collected 1173 gold pieces.

Inventory:

Hand Weapons
 a - a +4 mace (weapon)
 p - a +0 war axe
Missiles
 d - 24 stones
 k - 5 boomerangs
Armour
 n - a +0 ring mail (worn)
Jewellery
 c - an amulet of the acrobat (around neck)
 m - a +4 ring of protection (left hand)
Potions
 e - 3 potions of curing
 f - a potion of degeneration {unknown}
 h - 2 potions of heal wounds {unknown}
 i - 2 potions of flight
 j - 2 potions of might {unknown}
 l - a potion of haste {unknown}
 o - a potion of brilliance {unknown}


   Skills:
 * Level 3.1 Fighting
 - Level 2.6 Maces & Flails
 * Level 2.0 Armour
 * Level 2.0 Dodging
 - Level 1.0 Spellcasting
 - Level 2.6 Earth Magic
 - Level 1.0 Evocations


You had 4 spell levels left.
You knew the following spells:

 Your Spells              Type           Power      Damage    Failure   Level
a - Sandblast             Erth           14%        2d6       21%         1

Your spell library contained the following spells:

 Spells                   Type           Power      Damage    Failure   Level
 Stone Arrow              Conj/Erth      8%         3d7       71%         3
 Ozocubu's Armour         Ice            0%         N/A       88%         3
 Metabolic Englaciation   Hex/Ice        0%         N/A       100%        5
 Summon Forest            Summ/Tloc      0%         N/A       100%        5
 Summon Mana Viper        Hex/Summ       0%         N/A       100%        5
 Simulacrum               Ice/Necr       0%         N/A       100%        6
 Summon Cactus Giant      Summ           0%         N/A       100%        6


Dungeon Overview and Level Annotations

Branches:
Dungeon (4/15)
 Temple: D:4-7

Altars:
Nemelex Xobeh
Okawaru

Shops:
D:1 *(??*

Annotations:
D:3 Terence


Innate Abilities, Weirdness & Mutations

You have a pair of small horns on your head.
You are partially covered in thin metallic scales. (AC +2)
You sometimes gain a little power by taking damage.


Message History

The orc priest closely misses you. The orc closely misses you.
The orc barely misses you.
You feel better. The orc priest barely misses you.
The orc completely misses you. The orc closely misses you.
You hit the orc priest but do no damage.
The orc priest is moderately wounded.
The orc priest looks encouraged for a moment.
The orc misses you. x2; The orc hits you but does no damage.
The orc priest looks braver for a moment.
The orc hits you but does no damage.
You barely miss the orc priest.
The orc priest is moderately wounded.
The orc priest barely misses you. The orc barely misses you.
The orc closely misses you.
You hit the orc priest but do no damage.
You headbutt the orc priest, but do no damage.
The orc priest is moderately wounded.
The orc priest calls down the wrath of Beogh upon you.
Pain shoots through your body! The orc misses you. The orc barely misses you.
You hit the orc priest but do no damage.
The orc priest is moderately wounded.
The orc priest closely misses you. The orc closely misses you.
The orc misses you. The orc priest closely misses you.
The orc completely misses you. The orc hits you but does no damage.
You sock the orc priest! Your headbutt misses the orc priest.
The orc priest is severely wounded.
The orc priest misses you. The orc hits you with a +0 short sword.
* * * LOW HITPOINT WARNING * * *
The orc hits you but does no damage.
You barely miss the orc priest.
The orc priest is severely wounded.
The orc priest misses you. The orc closely misses you. x2
You hit the orc priest.
The orc priest is almost dead.
The orc priest closely misses you. The orc closely misses you. x2
You hit the orc priest but do no damage.
The orc priest is almost dead.
The orc priest calls down the wrath of Beogh upon you.
Beogh smites you!
You die...

#........##.##.+
###......##. ..
#......##. ##
#......#
#[.....#
#......#
#.####.... #...#
#### ###@#
#..ooo# #...o.#
#.....# #.....#
#.....' #..)..#
#.....#


You could see an orc priest and 3 orcs.

Vanquished Creatures
  An orc priest (D:4)
  An adder (D:4)
  A worm (D:2)
  4 orcs (D:4)
  4 ball pythons
  4 endoplasms
  3 giant cockroaches
  2 goblins (D:1)
  6 hobgoblins (D:1)
  3 jackals
  5 kobolds
  A quokka (D:1)
  3 bats
  3 frilled lizards (D:1)
  14 rats
55 creatures vanquished.

Notes
Turn   | Place    | Note
-------+----------+-------------------------------------------
     0 | D:1      | Chiseanne the Demonspawn Wanderer began the quest for the
                  | Orb.
     0 | D:1      | Chiseanne set off with the following items: a +3 mace, a
                  | scroll of fear, a +0 robe; and the following spell
                  | memorised: Sandblast; and the following spells available to
                  | memorise: Stone Arrow.
     0 | D:1      | Reached XP level 1. HP: 16/16 MP: 2/2
   157 | D:1      | Found Teharug's General Store.
   217 | D:1      | Found Gehocz Piosm's Magic Scroll Emporium.
   241 | D:1      | Found Onushu's Magic Scroll Emporium.
   247 | D:1      | Found a faded altar of an unknown god.
   248 | D:1      | Found Begujal's Weapon Boutique.
   253 | D:1      | Gained mutation: You sometimes gain a little power by
                  | taking damage. [demonic ancestry]
   253 | D:1      | Reached XP level 2. HP: 22/22 MP: 3/3
   373 | D:1      | Reached skill level 1 in Armour
   392 | D:1      | Reached skill level 1 in Dodging
   579 | D:1      | Gained mutation: You have a pair of small horns on your
                  | head. [demonic ancestry]
   579 | D:1      | Reached XP level 3. HP: 21/28 MP: 4/4
   624 | D:1      | Found Sateum Yheepp's Assorted Antiques.
   969 | D:1      | Identified a scroll of acquirement
   969 | D:1      | Acquired 1013 gold pieces
  1600 | D:3      | Noticed Terence
  1762 | D:4      | Found a sparkling altar of Nemelex Xobeh.
  1764 | D:4      | Found an iron altar of Okawaru.
  1890 | D:4      | Reached skill level 3 in Fighting
  1890 | D:4      | Gained mutation: You are partially covered in thin metallic
                  | scales. (AC +2) [demonic ancestry]
  1890 | D:4      | Reached XP level 4. HP: 35/35 MP: 5/5
  2094 | D:4      | Killed from afar by an orc priest

Illustrated notes

Levels and vault maps discovered:
D:1:      amcnicky_arrival_blooded_trapdoor, layout_loops_ring, serial_shops,
          shop, nicolae_shop_tiny_waterfront, shop, shop, shop,
          chequers_ecumenical_altar_simple_redux, st_stairs_6,
          minmay_rat_gold_closets
D:2:      layout_rooms
D:3:      layout_rooms, grunt_temple_overflow_magic_moments, uniq_terence
D:4:      layout_basic, jmf_multi_god_temple

Skill      XL: |  1  2  3  4 |
---------------+-------------+-----
Armour         | 1 2 |  2.0
Dodging        | 1 2 |  2.0
Fighting       | 3 |  3.1
Maces & Flails | |  2.6
Spellcasting   | |  1.0
Earth Magic    | |  2.6
Evocations     | |  1.0

Action                     |  1- 3 |  4- 6 || total
---------------------------+-------+-------++-------
  Melee: Mace              |   114 |    22 ||   136
         Headbutt          |     7 |     6 ||    13
    Use: Scroll            |     8 |     1 ||     9
         Potion            |       |     1 ||     1
   Stab: Sleeping          |     4 |       ||     4
         Fleeing           |     1 |       ||     1
 Armour: Robe              |     3 |       ||     3
         Leather armour    |    21 |     3 ||    24
         Ring mail         |       |    11 ||    11
  Dodge: Dodged            |    65 |    34 ||    99
